 Dungeon Crawl Stone Soup version 0.24-a0-439-g6dd8730de2 (webtiles) character file.

Game seed: 2076021565216030257

12 tilp the Grave Robber (level 2, -1/28 HPs)
             Began as an Ogre Necromancer on June 18, 2019.
             Slain by a leopard gecko (3 damage)
             ... on level 1 of the Dungeon.
             The game lasted 00:01:20 (167 turns).

tilp the Grave Robber (Ogre Necromancer)             Turns: 167, Time: 00:01:21

Health: -1/28      AC:  3    Str: 11    XL:     2   Next: 33%
Magic:  1/5        EV: 10    Int: 16    God:
Gold:   0          SH:  0    Dex:  9    Spells: 3/5 levels left

rFire    . . .     SeeInvis .   d - +0 club
rCold    . . .     Gourm    .   (no shield)
rNeg     . . .     Faith    .   a - +0 robe
rPois    .         Spirit   .   (helmet restricted)
rElec    .         Reflect  .   (no cloak)
rCorr    .         Harm     .   (gloves unavailable)
MR       .....                  (boots unavailable)
Stlth    +.........             (no amulet)
HPRegen  0.09/turn              (no ring)
MPRegen  0.09/turn              (no ring)

@: no status effects
A: large, unfitting armour, tough skin 1
a: no special abilities


You were on level 1 of the Dungeon.
You were not hungry.

You visited 1 branch of the dungeon, and saw 1 of its levels.

Inventory:

Hand Weapons
 d - a +0 club (weapon)
Armour
 a - a +0 robe (worn)
Comestibles
 b - a chunk of flesh
 c - a ration


   Skills:
 + Level 1.7 Fighting
 - Level 1.7 Dodging
 - Level 1.4 Stealth
 - Level 2.4 Spellcasting
 + Level 3.9 Necromancy


You had 3 spell levels left.
You knew the following spells:

 Your Spells              Type           Power        Failure   Level  Hunger
a - Pain                  Necr           ##..         4%          1    #......
b - Animate Skeleton      Necr           N/A          4%          1    #......

Your spell library contained the following spells:

 Spells                   Type           Power        Failure   Level  Hunger
 Vampiric Draining        Necr           ##........   12%         3    ###....
 Regeneration             Chrm/Necr      #.........   26%         3    ###....
 Animate Dead             Necr           N/A          36%         4    #####..


Dungeon Overview and Level Annotations

Branches:
Dungeon (1/15)

Altars:


Innate Abilities, Weirdness & Mutations

You are too large for most types of armour.
You have tough skin. (AC +1)


Message History

Aiming: Pain (safe; 4% risk of failure)
Press: ? - help, Shift-Dir - straight line, f - ooze
Aim: an ooze (heavily wounded, chance to defeat MR: 72%)
The ooze writhes in agony.
The ooze barely misses you.
You hit the ooze.
The ooze is almost dead.
The ooze barely misses you.
You completely miss the ooze.
The ooze is almost dead.
The ooze hits you but does no damage. The ooze misses you.
Unknown command.
You barely miss the ooze.
The ooze is almost dead.
The jackal barks!
The ooze hits you.
* * * LOW HITPOINT WARNING * * *
You hit the ooze.
You kill the ooze!
The leopard gecko bites you.
You die...

....... #......
....... ##...... # ##
###......? #.##.##
##÷##......
.....######..........
#.##..##>#<#..##......
#....@l.h.............
########†##..###......
#.....†..#..#..
####.###.......
#...........
##..........
#.....>.....
#.#.........
#...........


You could see a leopard gecko and a jackal.

Vanquished Creatures
  An ooze (D:1)
  A hobgoblin (D:1)
  3 jackals (D:1)
  3 rats (D:1)
8 creatures vanquished.

Notes
Turn   | Place    | Note
-------+----------+-------------------------------------------
     0 | D:1      | tilp the Ogre Necromancer began the quest for the Orb.
     0 | D:1      | Reached XP level 1. HP: 16/16 MP: 3/3
     2 | D:1      | Learned a level 1 spell: Animate Skeleton
    98 | D:1      | Reached skill level 1 in Fighting
   140 | D:1      | Reached XP level 2. HP: 7/27 MP: 0/5
   165 | D:1      | HP: 1/27 [ooze (3)]
   167 | D:1      | Slain by a leopard gecko

Levels and vault maps discovered:
D:1:      onia_arrival_handbag, layout_rooms, minmay_misc_feat_roman,
          minmay_misc_feat_doors, minmay_gold_behind_fungi,
          minmay_tree_intersection, st_stairs_13, kennysheep_minor_cross,
          minmay_cupped

Skill      XL: |  1 |
---------------+----+-----
Fighting       | 1 |  1.7
Dodging        | |  1.7
Stealth        | |  1.4
Spellcasting   | |  2.4
Necromancy     | |  3.9

Action                   || total
-------------------------++-------
Melee: Unarmed           ||    17
       Club              ||     5
 Cast: Pain              ||    11
Armor: Robe              ||     5
Dodge: Dodged            ||    16

Table legend:
 A = Non-vault XP
 B = Vault XP
 C = Vault XP percentage of total XP
 D = Non-vault monster count
 E = Vault monster count
 F = Vault count percentage of total count
                 A         B        C        D         E       F
            +---------+---------+-------+---------+---------+-------
      Total |       9 |       9 |  50.0 |       5 |       3 |  37.5
            +---------+---------+-------+---------+---------+-------
        D:1 |       9 |       9 |  50.0 |       5 |       3 |  37.5
            +---------+---------+-------+---------+---------+-------
